[ AOE2 MATCH · #470428379 ]
UnrankedHuns vs Armenians
[ REPLAY ANALYSIS · EXTRACTED FROM THE RECORDED GAME ]
Feudal
14:14
Castle
19:00
Imperial
39:04
| APM avg | 36.6 |
| APM peak | 118 |
| eAPM avg | 16.0 |
| Villagers / military | 85 / 23 |
Focus
⚔️ 22.7% · 🌾 77.3%
Knight ×13 · Mangonel ×10 · Fishing Ship ×8
Feudal
14:05
Castle
18:00
Imperial
—
| APM avg | 54.8 |
| APM peak | 132 |
| eAPM avg | 21.6 |
| Villagers / military | 97 / 48 |
Focus
⚔️ 30.5% · 🌾 69.5%
Conquistador ×25 · Fishing Ship ×16 · Battering Ram ×13 · Knight ×7 · Scout Cavalry ×3
Feudal
12:48
Castle
25:35
Imperial
34:21
| APM avg | 43.1 |
| APM peak | 71 |
| eAPM avg | 16.5 |
| Villagers / military | 109 / 78 |
Focus
⚔️ 33.1% · 🌾 66.9%
Militia ×39 · Spearman ×26 · Fishing Ship ×16 · Battering Ram ×5 · Trebuchet (Packed) ×3 · Mangonel ×2
Feudal
17:10
Castle
21:51
Imperial
—
| APM avg | 16.2 |
| APM peak | 56 |
| eAPM avg | 8.7 |
| Villagers / military | 57 / 12 |
Focus
⚔️ 25.3% · 🌾 74.7%
Fishing Ship ×11 · Samurai ×9 · Monk ×1 · Mangonel ×1 · Demolition Raft ×1
Feudal
13:20
Castle
17:08
Imperial
—
| APM avg | 33.9 |
| APM peak | 54 |
| eAPM avg | 19.1 |
| Villagers / military | 140 / 43 |
Focus
⚔️ 26.2% · 🌾 73.8%
Fire Lancer ×32 · Iron Pagoda ×6 · Fishing Ship ×6 · Battering Ram ×5
Feudal
13:00
Castle
16:30
Imperial
—
| APM avg | 38.2 |
| APM peak | 68 |
| eAPM avg | 22.9 |
| Villagers / military | 174 / 96 |
Focus
⚔️ 36.4% · 🌾 63.6%
Genitour ×41 · Camel Archer ×27 · Scout Cavalry ×20 · Knight ×7 · Fishing Ship ×7 · Skirmisher ×1
Feudal
15:14
Castle
20:59
Imperial
—
| APM avg | 30.5 |
| APM peak | 69 |
| eAPM avg | 19.4 |
| Villagers / military | 139 / 64 |
Focus
⚔️ 27.1% · 🌾 72.9%
Knight ×53 · Fishing Ship ×15 · Battering Ram ×9 · Unknown (2626) ×2 · Demolition Raft ×2
Feudal
15:18
Castle
20:26
Imperial
40:20
| APM avg | 23.1 |
| APM peak | 41 |
| eAPM avg | 13.9 |
| Villagers / military | 232 / 48 |
Focus
⚔️ 15.5% · 🌾 84.5%
Gbeto ×43 · Fishing Ship ×14 · Unknown (2626) ×5 · Trebuchet (Packed) ×5
Match map
Initial resources + every placement click. Lines = walls · curves = elevation contours. ◆ gold · ⬟ stone · ● berries · ✦ relic · ◌ wall gap
Your base· Open — 10t gap
hoffypianoman's base· Open — 15t gap
DaKrankVieh's base· Open — unwalled flank
fake's base· Open — unwalled flank
The_OFLi's base· Open — unwalled flank
Kullervo's base· Open — 5t gap
关老弟是也's base· Open — 8t gap
叫我一声靓仔's base· ✓ Closed at 20:26 · 43t walls · 1 gate(s)
Smoothed initial terrain · ◌ = detected wall gap · hover for details
Inputs per minute
— Markki22 kela.fi - - hoffypianoman
Build order — Markki22 kela.fi
First 150 of 189 actions detected
| 0:14 | Build | Town Center |
| 2:33 | Create | Villager (Male) |
| 2:34 | Create | Villager (Male) |
| 2:34 | Create | Villager (Male) |
| 2:34 | Create | Villager (Male) |
| 4:00 | Create | Villager (Male) |
| 4:04 | Create | Villager (Male) |
| 5:22 | Build | Dock |
| 5:36 | Research | Loom |
| 5:36 | Create | Villager (Male) |
| 5:36 | Create | Villager (Male) |
| 5:37 | Create | Villager (Male) |
| 6:20 | Create | Fishing Ship |
| 6:33 | Create | Villager (Male) |
| 7:07 | Create | Fishing Ship |
| 7:39 | Create | Villager (Male) |
| 7:39 | Create | Villager (Male) |
| 7:39 | Create | Villager (Male) |
| 8:01 | Create | Villager (Male) |
| 8:01 | Create | Villager (Male) |
| 8:22 | Create | Fishing Ship |
| 8:29 | Create | Villager (Male) |
| 8:29 | Create | Villager (Male) |
| 8:33 | Create | Villager (Male) |
| 8:40 | Create | Fishing Ship |
| 9:15 | Create | Villager (Male) |
| 9:16 | Create | Villager (Male) |
| 9:19 | Create | Fishing Ship |
| 9:34 | Create | Fishing Ship |
| 9:42 | Create | Villager (Male) |
| 10:27 | Build | Lumber Camp |
| 10:29 | Create | Fishing Ship |
| 11:00 | Build | Mill |
| 11:29 | Create | Villager (Male) |
| 11:38 | Create | Fishing Ship |
| 12:04 | Research | Feudal Age |
| 12:05 | Research | Feudal Age |
| 12:34 | Create | Villager (Male) |
| 12:34 | Create | Villager (Male) |
| 12:54 | Build | Farm |
| 12:55 | Build | Farm |
| 12:55 | Build | Farm |
| 12:56 | Build | Farm |
| 12:56 | Build | Farm |
| 13:39 | Build | Mining Camp |
| 14:10 | Build | Dock |
| 14:14 | Age | Feudal Age |
| 14:22 | Build | Blacksmith |
| 14:33 | Build | Market |
| 15:07 | Create | Villager (Male) |
| 15:46 | Build | Palisade Wall |
| 15:55 | Build | Palisade Wall |
| 16:18 | Create | Villager (Male) |
| 16:20 | Research | Castle Age |
| 16:54 | Build | Palisade Wall |
| 16:56 | Build | Palisade Wall |
| 17:52 | Research | Double-Bit Axe |
| 17:55 | Create | Villager (Male) |
| 17:55 | Create | Villager (Male) |
| 19:00 | Age | Castle Age |
| 19:01 | Build | Town Center |
| 19:03 | Create | Villager (Male) |
| 19:43 | Create | Villager (Male) |
| 19:58 | Build | Siege Workshop |
| 20:30 | Create | Mangonel |
| 22:14 | Create | Villager (Male) |
| 22:15 | Create | Villager (Male) |
| 22:15 | Create | Villager (Male) |
| 22:28 | Create | Mangonel |
| 23:01 | Create | Mangonel |
| 23:46 | Create | Villager (Male) |
| 23:46 | Create | Villager (Male) |
| 23:46 | Create | Villager (Male) |
| 23:47 | Create | Villager (Male) |
| 23:47 | Create | Villager (Male) |
| 23:47 | Create | Villager (Male) |
| 23:47 | Create | Villager (Male) |
| 24:10 | Build | Town Center |
| 24:50 | Create | Villager (Male) |
| 25:16 | Build | Siege Workshop |
| 25:52 | Build | Town Center |
| 26:30 | Create | Mangonel |
| 26:31 | Create | Mangonel |
| 26:53 | Create | Villager (Male) |
| 26:54 | Create | Villager (Male) |
| 27:30 | Create | Villager (Male) |
| 27:31 | Create | Villager (Male) |
| 27:32 | Create | Villager (Male) |
| 27:59 | Build | Lumber Camp |
| 28:14 | Create | Villager (Male) |
| 28:15 | Create | Villager (Male) |
| 28:15 | Create | Villager (Male) |
| 28:15 | Create | Villager (Male) |
| 28:51 | Create | Mangonel |
| 29:45 | Create | Villager (Male) |
| 29:45 | Create | Villager (Male) |
| 29:46 | Create | Villager (Male) |
| 29:46 | Create | Villager (Male) |
| 29:52 | Build | Farm |
| 29:52 | Build | Farm |
| 29:53 | Build | Farm |
| 29:55 | Build | Farm |
| 29:55 | Build | Farm |
| 29:55 | Build | Farm |
| 29:56 | Build | Farm |
| 29:56 | Build | Farm |
| 29:57 | Build | Farm |
| 29:57 | Build | Farm |
| 29:58 | Build | Farm |
| 29:58 | Build | Farm |
| 29:59 | Build | Farm |
| 30:38 | Create | Villager (Male) |
| 30:39 | Create | Villager (Male) |
| 30:57 | Build | Farm |
| 30:57 | Build | Farm |
| 30:57 | Build | Farm |
| 30:58 | Build | Farm |
| 30:58 | Build | Farm |
| 31:35 | Create | Mangonel |
| 31:39 | Create | Villager (Male) |
| 31:39 | Create | Villager (Male) |
| 31:39 | Create | Villager (Male) |
| 31:39 | Create | Villager (Male) |
| 33:35 | Build | Lumber Camp |
| 33:36 | Create | Villager (Male) |
| 33:36 | Create | Villager (Male) |
| 33:36 | Create | Villager (Male) |
| 33:36 | Create | Villager (Male) |
| 33:37 | Create | Villager (Male) |
| 34:04 | Build | Castle |
| 34:05 | Create | Villager (Male) |
| 34:28 | Build | Barracks |
| 34:37 | Create | Mangonel |
| 34:52 | Create | Villager (Male) |
| 34:52 | Create | Villager (Male) |
| 35:15 | Build | Mining Camp |
| 35:23 | Build | Mining Camp |
| 35:54 | Research | Imperial Age |
| 36:25 | Create | Villager (Male) |
| 36:25 | Create | Villager (Male) |
| 36:31 | Build | Town Center |
| 37:13 | Create | Villager (Male) |
| 37:13 | Create | Villager (Male) |
| 37:13 | Create | Villager (Male) |
| 37:30 | Research | Wheelbarrow |
| 37:35 | Create | Villager (Male) |
| 37:36 | Create | Villager (Male) |
| 37:40 | Create | Villager (Male) |
| 37:40 | Create | Villager (Male) |
| 37:40 | Create | Villager (Male) |
Build order — hoffypianoman
First 150 of 238 actions detected
| 0:12 | Build | Town Center |
| 1:47 | Build | Dock |
| 1:51 | Build | House |
| 2:51 | Create | Villager (Male) |
| 2:51 | Create | Villager (Male) |
| 2:51 | Create | Villager (Male) |
| 2:51 | Create | Villager (Male) |
| 2:51 | Create | Villager (Male) |
| 3:47 | Create | Fishing Ship |
| 3:47 | Create | Fishing Ship |
| 4:17 | Build | House |
| 4:32 | Create | Villager (Male) |
| 4:32 | Create | Villager (Male) |
| 5:10 | Create | Villager (Male) |
| 5:10 | Create | Villager (Male) |
| 5:22 | Create | Fishing Ship |
| 5:22 | Create | Fishing Ship |
| 5:31 | Create | Villager (Male) |
| 5:31 | Create | Villager (Male) |
| 6:01 | Create | Villager (Male) |
| 6:01 | Create | Villager (Male) |
| 6:01 | Create | Villager (Male) |
| 6:05 | Create | Fishing Ship |
| 6:06 | Create | Fishing Ship |
| 6:28 | Build | House |
| 6:30 | Create | Villager (Male) |
| 6:30 | Create | Villager (Male) |
| 6:47 | Create | Villager (Male) |
| 6:47 | Create | Villager (Male) |
| 6:48 | Create | Villager (Male) |
| 7:11 | Create | Villager (Male) |
| 7:11 | Create | Villager (Male) |
| 7:15 | Create | Fishing Ship |
| 7:16 | Create | Fishing Ship |
| 7:29 | Create | Villager (Male) |
| 7:29 | Create | Villager (Male) |
| 7:49 | Build | House |
| 7:57 | Create | Villager (Male) |
| 7:57 | Create | Villager (Male) |
| 8:14 | Create | Fishing Ship |
| 8:14 | Create | Fishing Ship |
| 8:30 | Build | House |
| 8:30 | Create | Villager (Male) |
| 8:36 | Create | Villager (Male) |
| 8:37 | Create | Villager (Male) |
| 8:37 | Create | Villager (Male) |
| 8:52 | Create | Fishing Ship |
| 8:53 | Create | Fishing Ship |
| 8:59 | Create | Villager (Male) |
| 9:00 | Create | Villager (Male) |
| 9:00 | Create | Villager (Male) |
| 9:15 | Create | Villager (Male) |
| 9:16 | Create | Villager (Male) |
| 9:28 | Create | Fishing Ship |
| 9:29 | Create | Fishing Ship |
| 9:31 | Create | Villager (Male) |
| 9:31 | Create | Villager (Male) |
| 9:31 | Create | Villager (Male) |
| 9:57 | Create | Fishing Ship |
| 10:02 | Build | House |
| 10:37 | Build | Mill |
| 11:00 | Create | Fishing Ship |
| 11:15 | Build | House |
| 11:24 | Create | Villager (Male) |
| 11:37 | Create | Villager (Male) |
| 11:43 | Research | Feudal Age |
| 11:43 | Research | Feudal Age |
| 11:51 | Build | House |
| 12:33 | Build | Barracks |
| 12:47 | Build | Mining Camp |
| 13:03 | Create | Villager (Male) |
| 13:04 | Create | Villager (Male) |
| 13:21 | Build | House |
| 13:22 | Build | Palisade Wall |
| 14:05 | Age | Feudal Age |
| 14:08 | Build | Stable |
| 14:37 | Create | Villager (Male) |
| 14:48 | Build | Blacksmith |
| 14:54 | Research | Loom |
| 15:18 | Research | Castle Age |
| 15:22 | Build | House |
| 15:28 | Build | Palisade Gate |
| 15:53 | Create | Scout Cavalry |
| 15:53 | Create | Scout Cavalry |
| 16:52 | Create | Villager (Male) |
| 17:03 | Build | Mining Camp |
| 17:14 | Build | House |
| 17:18 | Build | House |
| 17:21 | Build | Palisade Wall |
| 17:41 | Research | Bloodlines |
| 17:41 | Research | Bloodlines |
| 17:48 | Create | Scout Cavalry |
| 18:00 | Age | Castle Age |
| 18:14 | Create | Villager (Male) |
| 18:30 | Create | Knight |
| 18:35 | Create | Villager (Male) |
| 18:39 | Create | Villager (Male) |
| 18:57 | Create | Villager (Male) |
| 19:30 | Create | Knight |
| 19:31 | Create | Villager (Male) |
| 19:58 | Create | Villager (Male) |
| 20:12 | Research | Padded Archer Armor |
| 20:15 | Research | Scale Barding Armor |
| 20:21 | Create | Villager (Male) |
| 20:42 | Create | Knight |
| 20:45 | Create | Knight |
| 20:45 | Create | Villager (Male) |
| 20:49 | Research | Forging |
| 20:50 | Create | Villager (Male) |
| 20:59 | Build | Lumber Camp |
| 21:01 | Create | Villager (Male) |
| 21:08 | Create | Knight |
| 21:56 | Create | Villager (Male) |
| 21:59 | Build | Market |
| 22:12 | Create | Knight |
| 22:12 | Create | Knight |
| 22:16 | Research | Fletching |
| 22:39 | Build | Castle |
| 22:57 | Build | House |
| 22:59 | Build | House |
| 23:06 | Build | House |
| 23:24 | Create | Conquistador |
| 23:24 | Create | Conquistador |
| 23:24 | Create | Conquistador |
| 23:28 | Build | Siege Workshop |
| 23:54 | Create | Conquistador |
| 24:12 | Build | Town Center |
| 24:52 | Build | Farm |
| 24:53 | Build | Farm |
| 24:58 | Create | Villager (Male) |
| 24:59 | Create | Villager (Male) |
| 25:19 | Build | Farm |
| 25:22 | Create | Villager (Male) |
| 25:24 | Create | Battering Ram |
| 25:24 | Create | Battering Ram |
| 25:31 | Build | Farm |
| 25:40 | Build | Farm |
| 25:41 | Create | Villager (Male) |
| 25:59 | Create | Villager (Male) |
| 26:00 | Create | Villager (Male) |
| 26:07 | Build | Farm |
| 26:17 | Create | Conquistador |
| 26:27 | Create | Battering Ram |
| 26:28 | Create | Battering Ram |
| 26:33 | Create | Villager (Male) |
| 26:33 | Create | Villager (Male) |
| 26:39 | Build | Farm |
| 26:39 | Create | Villager (Male) |
| 26:39 | Create | Villager (Male) |
| 26:48 | Build | Farm |
Build order — DaKrankVieh
First 150 of 330 actions detected
| 0:22 | Build | Town Center |
| 1:34 | Build | Dock |
| 1:42 | Build | House |
| 2:38 | Create | Villager (Male) |
| 2:38 | Create | Villager (Male) |
| 2:38 | Create | Villager (Male) |
| 2:39 | Create | Villager (Male) |
| 3:37 | Create | Fishing Ship |
| 4:17 | Research | Loom |
| 4:29 | Create | Fishing Ship |
| 4:54 | Build | House |
| 4:56 | Create | Villager (Male) |
| 5:15 | Create | Villager (Male) |
| 5:53 | Create | Villager (Male) |
| 5:58 | Create | Fishing Ship |
| 6:22 | Create | Villager (Male) |
| 6:26 | Build | House |
| 6:33 | Create | Villager (Male) |
| 7:00 | Create | Fishing Ship |
| 7:08 | Create | Villager (Male) |
| 7:09 | Create | Villager (Male) |
| 7:37 | Create | Villager (Male) |
| 7:37 | Create | Villager (Male) |
| 7:38 | Create | Fishing Ship |
| 7:50 | Build | House |
| 7:52 | Build | House |
| 8:09 | Create | Villager (Male) |
| 8:20 | Create | Fishing Ship |
| 8:29 | Create | Villager (Male) |
| 8:30 | Create | Villager (Male) |
| 9:01 | Create | Fishing Ship |
| 9:10 | Build | Mule Cart |
| 9:18 | Create | Villager (Male) |
| 9:41 | Create | Villager (Male) |
| 10:05 | Create | Fishing Ship |
| 10:35 | Build | Barracks |
| 10:38 | Research | Feudal Age |
| 11:03 | Build | House |
| 11:16 | Create | Militia |
| 11:25 | Create | Militia |
| 11:46 | Create | Militia |
| 11:58 | Build | House |
| 12:19 | Create | Militia |
| 12:48 | Age | Feudal Age |
| 12:49 | Research | Man-at-Arms (upgrade) |
| 12:50 | Create | Villager (Male) |
| 12:50 | Create | Villager (Male) |
| 13:39 | Create | Villager (Male) |
| 13:43 | Create | Militia |
| 13:49 | Build | Mill |
| 14:05 | Research | Long Swordsman (upgrade) |
| 14:24 | Create | Villager (Male) |
| 14:25 | Create | Villager (Male) |
| 14:28 | Build | Blacksmith |
| 14:29 | Build | House |
| 14:37 | Build | House |
| 14:41 | Build | Dock |
| 14:55 | Research | Arson |
| 15:06 | Research | Scale Mail Armor |
| 16:00 | Create | Villager (Male) |
| 16:00 | Create | Militia |
| 16:01 | Create | Militia |
| 16:10 | Create | Villager (Male) |
| 16:15 | Research | Double-Bit Axe |
| 16:17 | Build | Mule Cart |
| 16:45 | Create | Militia |
| 16:45 | Create | Villager (Male) |
| 16:52 | Create | Villager (Male) |
| 16:54 | Build | Farm |
| 16:54 | Build | Farm |
| 16:54 | Build | Farm |
| 16:55 | Build | Farm |
| 16:55 | Build | Farm |
| 16:55 | Build | Farm |
| 16:55 | Build | Farm |
| 17:03 | Build | House |
| 17:18 | Create | Militia |
| 17:18 | Create | Militia |
| 17:24 | Create | Villager (Male) |
| 17:29 | Create | Fishing Ship |
| 17:34 | Create | Fishing Ship |
| 18:11 | Create | Militia |
| 18:12 | Create | Villager (Male) |
| 18:15 | Build | House |
| 18:55 | Create | Villager (Male) |
| 19:00 | Build | Archery Range |
| 19:01 | Build | House |
| 19:13 | Create | Villager (Male) |
| 19:24 | Create | Spearman |
| 19:25 | Create | Spearman |
| 19:25 | Create | Spearman |
| 19:43 | Build | Barracks |
| 19:49 | Build | Mule Cart |
| 19:53 | Build | House |
| 20:08 | Create | Villager (Male) |
| 20:11 | Create | Spearman |
| 20:11 | Create | Spearman |
| 20:16 | Create | Fishing Ship |
| 20:20 | Create | Fishing Ship |
| 20:29 | Create | Spearman |
| 20:29 | Create | Spearman |
| 20:30 | Research | Pikeman (upgrade) |
| 20:43 | Build | Farm |
| 20:44 | Build | Farm |
| 20:45 | Build | Farm |
| 20:48 | Create | Villager (Male) |
| 20:49 | Create | Villager (Male) |
| 21:26 | Create | Spearman |
| 21:26 | Create | Spearman |
| 21:28 | Create | Villager (Male) |
| 21:28 | Create | Villager (Male) |
| 21:31 | Build | Farm |
| 21:32 | Build | Farm |
| 21:33 | Build | Farm |
| 21:57 | Create | Spearman |
| 21:57 | Create | Spearman |
| 22:52 | Create | Villager (Male) |
| 22:52 | Create | Villager (Male) |
| 22:55 | Research | Castle Age |
| 22:56 | Create | Spearman |
| 22:57 | Create | Spearman |
| 23:34 | Create | Villager (Male) |
| 23:34 | Create | Villager (Male) |
| 23:40 | Build | House |
| 23:41 | Build | House |
| 24:42 | Create | Militia |
| 24:42 | Create | Militia |
| 24:48 | Build | House |
| 24:59 | Build | Palisade Wall |
| 25:03 | Build | Palisade Wall |
| 25:03 | Build | Palisade Wall |
| 25:09 | Build | Palisade Gate |
| 25:33 | Build | House |
| 25:35 | Age | Castle Age |
| 25:36 | Research | Chain Mail Armor |
| 25:39 | Research | Gambesons |
| 25:41 | Research | Squires |
| 26:12 | Create | Villager (Male) |
| 26:12 | Create | Villager (Male) |
| 26:25 | Build | Town Center |
| 26:30 | Build | Town Center |
| 26:40 | Create | Fishing Ship |
| 26:40 | Create | Fishing Ship |
| 26:42 | Create | Fishing Ship |
| 26:42 | Create | Fishing Ship |
| 27:02 | Create | Villager (Male) |
| 27:02 | Create | Villager (Male) |
| 27:12 | Build | Monastery |
| 27:36 | Create | Villager (Male) |
| 27:42 | Research | Bow Saw |
Build order — fake
144 actions detected in the replay
| 0:33 | Build | Town Center |
| 1:01 | Build | Dock |
| 1:03 | Build | House |
| 2:55 | Create | Villager (Male) |
| 2:55 | Create | Villager (Male) |
| 2:55 | Create | Villager (Male) |
| 2:56 | Create | Villager (Male) |
| 3:53 | Create | Fishing Ship |
| 4:20 | Research | Loom |
| 4:22 | Create | Villager (Male) |
| 4:45 | Create | Fishing Ship |
| 5:00 | Research | Loom |
| 5:14 | Build | House |
| 5:29 | Create | Villager (Male) |
| 5:49 | Create | Fishing Ship |
| 6:11 | Create | Villager (Male) |
| 6:24 | Build | House |
| 6:31 | Create | Villager (Male) |
| 6:46 | Create | Fishing Ship |
| 7:06 | Create | Villager (Male) |
| 7:20 | Create | Villager (Male) |
| 7:24 | Create | Fishing Ship |
| 7:36 | Build | House |
| 8:08 | Create | Villager (Male) |
| 8:09 | Create | Villager (Male) |
| 8:12 | Create | Fishing Ship |
| 8:57 | Create | Villager (Male) |
| 9:03 | Build | Dock |
| 9:16 | Build | House |
| 9:25 | Create | Villager (Male) |
| 9:47 | Create | Fishing Ship |
| 11:14 | Build | Lumber Camp |
| 11:59 | Build | Dock |
| 12:07 | Build | Dock |
| 12:20 | Research | Feudal Age |
| 12:59 | Create | Fishing Ship |
| 13:01 | Build | House |
| 14:11 | Build | Town Center |
| 15:00 | Research | Feudal Age |
| 15:10 | Create | Fishing Ship |
| 15:16 | Create | Fishing Ship |
| 15:16 | Create | Fishing Ship |
| 17:00 | Build | Dock |
| 17:10 | Age | Feudal Age |
| 17:17 | Build | Blacksmith |
| 17:22 | Build | Mill |
| 17:23 | Create | Villager (Male) |
| 17:23 | Create | Villager (Male) |
| 18:16 | Build | Market |
| 18:26 | Create | Villager (Male) |
| 18:33 | Build | House |
| 18:36 | Build | House |
| 18:38 | Build | House |
| 18:42 | Create | Villager (Male) |
| 18:53 | Build | Mining Camp |
| 18:54 | Create | Villager (Male) |
| 19:11 | Research | Castle Age |
| 19:27 | Build | House |
| 19:43 | Research | Double-Bit Axe |
| 19:53 | Build | Outpost |
| 19:57 | Research | Stone Mining |
| 20:01 | Create | Villager (Male) |
| 20:39 | Build | House |
| 20:55 | Build | House |
| 21:30 | Build | Mining Camp |
| 21:51 | Age | Castle Age |
| 22:01 | Build | Siege Workshop |
| 22:07 | Build | Lumber Camp |
| 22:16 | Create | Villager (Male) |
| 22:17 | Create | Villager (Male) |
| 22:36 | Create | Mangonel |
| 22:51 | Create | Villager (Male) |
| 23:17 | Create | Villager (Male) |
| 23:44 | Create | Villager (Male) |
| 24:07 | Create | Villager (Male) |
| 24:21 | Build | Castle |
| 24:25 | Create | Villager (Male) |
| 24:49 | Create | Villager (Male) |
| 25:16 | Create | Villager (Male) |
| 26:26 | Build | Town Center |
| 26:32 | Create | Samurai |
| 26:58 | Create | Villager (Male) |
| 26:59 | Create | Villager (Male) |
| 26:59 | Create | Villager (Male) |
| 27:38 | Build | Market |
| 27:57 | Build | Monastery |
| 28:06 | Build | Mining Camp |
| 29:01 | Create | Villager (Male) |
| 29:01 | Create | Villager (Male) |
| 29:06 | Create | Villager (Male) |
| 29:37 | Create | Monk |
| 30:49 | Build | Town Center |
| 30:53 | Create | Samurai |
| 30:55 | Create | Villager (Male) |
| 30:55 | Create | Villager (Male) |
| 30:55 | Create | Villager (Male) |
| 30:56 | Create | Villager (Male) |
| 30:56 | Create | Villager (Male) |
| 31:03 | Research | Horse Collar |
| 31:35 | Create | Samurai |
| 31:42 | Build | Farm |
| 31:46 | Build | Farm |
| 31:49 | Build | Farm |
| 32:12 | Create | Samurai |
| 32:23 | Create | Samurai |
| 33:02 | Build | Castle |
| 33:15 | Create | Samurai |
| 33:15 | Create | Samurai |
| 33:28 | Build | Blacksmith |
| 33:40 | Create | Villager (Male) |
| 33:46 | Build | Farm |
| 33:48 | Build | Farm |
| 34:04 | Research | Fletching |
| 34:29 | Build | Mill |
| 34:47 | Research | Bodkin Arrow |
| 34:59 | Create | Villager (Male) |
| 35:06 | Build | Farm |
| 35:08 | Build | Farm |
| 35:44 | Create | Villager (Male) |
| 35:46 | Create | Villager (Male) |
| 36:04 | Create | Samurai |
| 36:04 | Create | Samurai |
| 36:19 | Research | Scale Mail Armor |
| 38:16 | Build | University |
| 39:44 | Build | Lumber Camp |
| 40:01 | Build | Lumber Camp |
| 40:12 | Build | Town Center |
| 41:04 | Create | Villager (Male) |
| 41:04 | Create | Villager (Male) |
| 41:05 | Create | Villager (Male) |
| 41:05 | Create | Villager (Male) |
| 41:05 | Create | Villager (Male) |
| 41:06 | Create | Villager (Male) |
| 41:12 | Build | Dock |
| 41:43 | Create | Villager (Male) |
| 41:43 | Create | Villager (Male) |
| 41:43 | Create | Villager (Male) |
| 41:45 | Create | Villager (Male) |
| 41:45 | Create | Villager (Male) |
| 41:45 | Create | Villager (Male) |
| 41:46 | Create | Villager (Male) |
| 41:57 | Build | Lumber Camp |
| 42:05 | Create | Demolition Raft |
| 42:13 | Build | Dock |
Build order — The_OFLi
First 150 of 333 actions detected
| 0:50 | Build | Town Center |
| 0:55 | Build | Dock |
| 0:58 | Build | House |
| 1:00 | Build | Palisade Wall |
| 3:01 | Create | Villager (Male) |
| 3:02 | Create | Villager (Male) |
| 3:02 | Create | Villager (Male) |
| 3:02 | Create | Villager (Male) |
| 4:21 | Create | Fishing Ship |
| 4:22 | Create | Villager (Male) |
| 4:35 | Build | House |
| 5:12 | Create | Villager (Male) |
| 5:12 | Create | Villager (Male) |
| 5:19 | Build | House |
| 5:36 | Create | Villager (Male) |
| 6:03 | Create | Villager (Male) |
| 6:25 | Create | Fishing Ship |
| 6:26 | Create | Villager (Male) |
| 6:27 | Create | Villager (Male) |
| 6:45 | Research | Loom |
| 6:50 | Create | Fishing Ship |
| 7:17 | Create | Villager (Male) |
| 7:18 | Create | Villager (Male) |
| 7:24 | Create | Fishing Ship |
| 7:35 | Create | Villager (Male) |
| 7:35 | Create | Villager (Male) |
| 7:51 | Create | Villager (Male) |
| 8:00 | Build | House |
| 8:20 | Create | Villager (Male) |
| 8:20 | Create | Villager (Male) |
| 8:20 | Create | Villager (Male) |
| 8:23 | Create | Fishing Ship |
| 8:43 | Build | House |
| 8:45 | Create | Villager (Male) |
| 9:00 | Build | Palisade Wall |
| 9:04 | Create | Villager (Male) |
| 9:15 | Create | Fishing Ship |
| 9:32 | Create | Villager (Male) |
| 9:46 | Create | Villager (Male) |
| 9:58 | Build | Mining Camp |
| 10:06 | Create | Villager (Male) |
| 10:15 | Create | Villager (Male) |
| 10:22 | Build | House |
| 11:07 | Research | Feudal Age |
| 11:16 | Build | Mill |
| 12:57 | Create | Villager (Male) |
| 13:04 | Create | Villager (Male) |
| 13:18 | Create | Villager (Male) |
| 13:20 | Age | Feudal Age |
| 13:22 | Build | Blacksmith |
| 13:24 | Build | Market |
| 13:43 | Build | Lumber Camp |
| 14:28 | Research | Castle Age |
| 14:48 | Build | Barracks |
| 14:54 | Create | Villager (Male) |
| 15:00 | Research | Double-Bit Axe |
| 15:30 | Build | House |
| 15:38 | Research | Scale Mail Armor |
| 16:06 | Build | Barracks |
| 16:08 | Create | Villager (Male) |
| 16:48 | Build | Watch Tower |
| 17:05 | Create | Villager (Male) |
| 17:08 | Age | Castle Age |
| 17:11 | Build | Siege Workshop |
| 17:13 | Research | Squires |
| 17:40 | Create | Villager (Male) |
| 17:57 | Create | Battering Ram |
| 17:58 | Create | Battering Ram |
| 18:03 | Create | Fire Lancer |
| 18:03 | Create | Fire Lancer |
| 18:03 | Create | Fire Lancer |
| 18:03 | Create | Fire Lancer |
| 18:30 | Create | Battering Ram |
| 18:45 | Create | Villager (Male) |
| 18:52 | Create | Battering Ram |
| 19:06 | Create | Fire Lancer |
| 19:14 | Build | House |
| 19:29 | Research | Chain Mail Armor |
| 19:38 | Build | House |
| 19:38 | Build | House |
| 19:41 | Research | Forging |
| 19:45 | Create | Fire Lancer |
| 19:45 | Create | Fire Lancer |
| 19:45 | Create | Fire Lancer |
| 19:48 | Create | Villager (Male) |
| 19:49 | Create | Villager (Male) |
| 19:49 | Create | Villager (Male) |
| 19:49 | Create | Villager (Male) |
| 20:00 | Build | House |
| 20:13 | Create | Fire Lancer |
| 20:13 | Create | Fire Lancer |
| 20:46 | Create | Villager (Male) |
| 20:50 | Create | Fire Lancer |
| 20:50 | Create | Fire Lancer |
| 20:56 | Create | Fire Lancer |
| 21:37 | Create | Fire Lancer |
| 21:37 | Create | Fire Lancer |
| 21:55 | Create | Fire Lancer |
| 21:57 | Create | Villager (Male) |
| 21:57 | Create | Villager (Male) |
| 21:57 | Create | Villager (Male) |
| 22:15 | Create | Villager (Male) |
| 22:30 | Create | Fire Lancer |
| 22:30 | Create | Fire Lancer |
| 22:48 | Create | Villager (Male) |
| 22:59 | Build | Town Center |
| 23:26 | Create | Villager (Male) |
| 23:31 | Build | Siege Workshop |
| 23:40 | Create | Villager (Male) |
| 23:41 | Build | Farm |
| 23:42 | Build | Farm |
| 23:44 | Build | Farm |
| 24:41 | Create | Villager (Male) |
| 24:42 | Build | Farm |
| 24:43 | Build | Farm |
| 24:44 | Build | Farm |
| 24:45 | Build | Farm |
| 24:49 | Create | Villager (Male) |
| 24:50 | Create | Villager (Male) |
| 24:50 | Create | Villager (Male) |
| 24:50 | Create | Villager (Male) |
| 25:02 | Create | Iron Pagoda |
| 25:04 | Create | Villager (Male) |
| 25:13 | Create | Iron Pagoda |
| 25:15 | Build | House |
| 25:31 | Create | Villager (Male) |
| 25:47 | Create | Iron Pagoda |
| 25:50 | Create | Villager (Male) |
| 25:51 | Create | Villager (Male) |
| 26:18 | Create | Iron Pagoda |
| 26:21 | Create | Villager (Male) |
| 26:21 | Create | Villager (Male) |
| 26:21 | Create | Villager (Male) |
| 26:36 | Build | House |
| 26:39 | Create | Iron Pagoda |
| 27:24 | Create | Fire Lancer |
| 27:25 | Create | Fire Lancer |
| 27:25 | Create | Fire Lancer |
| 27:25 | Create | Fire Lancer |
| 27:27 | Build | University |
| 27:28 | Create | Villager (Male) |
| 27:28 | Create | Villager (Male) |
| 27:29 | Create | Villager (Male) |
| 27:53 | Build | House |
| 27:58 | Build | Mining Camp |
| 28:10 | Create | Villager (Male) |
| 28:12 | Build | Farm |
| 28:12 | Build | Farm |
| 28:42 | Create | Iron Pagoda |
| 28:43 | Create | Villager (Male) |
Build order — Kullervo
First 150 of 425 actions detected
| 0:07 | Build | Town Center |
| 0:42 | Build | Dock |
| 0:45 | Build | House |
| 2:41 | Create | Villager (Male) |
| 2:41 | Create | Villager (Male) |
| 2:42 | Create | Villager (Male) |
| 2:42 | Create | Villager (Male) |
| 3:44 | Create | Fishing Ship |
| 3:46 | Create | Villager (Male) |
| 4:36 | Build | House |
| 4:47 | Create | Villager (Male) |
| 4:48 | Create | Villager (Male) |
| 5:05 | Create | Villager (Male) |
| 5:33 | Create | Villager (Male) |
| 5:41 | Create | Villager (Male) |
| 5:52 | Create | Fishing Ship |
| 6:02 | Build | House |
| 6:14 | Create | Villager (Male) |
| 6:15 | Create | Villager (Male) |
| 6:36 | Create | Villager (Male) |
| 6:36 | Create | Villager (Male) |
| 6:41 | Build | Palisade Wall |
| 6:52 | Create | Villager (Male) |
| 6:56 | Create | Fishing Ship |
| 6:59 | Build | House |
| 7:06 | Create | Villager (Male) |
| 7:38 | Create | Villager (Male) |
| 7:46 | Create | Fishing Ship |
| 8:02 | Create | Villager (Male) |
| 8:13 | Build | House |
| 8:20 | Create | Villager (Male) |
| 8:29 | Create | Fishing Ship |
| 8:40 | Create | Villager (Male) |
| 8:44 | Build | Palisade Wall |
| 8:58 | Build | Palisade Wall |
| 9:09 | Create | Fishing Ship |
| 9:26 | Create | Villager (Male) |
| 9:47 | Build | Mining Camp |
| 9:48 | Create | Villager (Male) |
| 10:09 | Create | Villager (Male) |
| 10:17 | Build | Palisade Wall |
| 10:30 | Build | Palisade Wall |
| 10:34 | Create | Villager (Male) |
| 10:38 | Create | Fishing Ship |
| 10:41 | Build | Palisade Wall |
| 10:45 | Research | Loom |
| 10:50 | Research | Feudal Age |
| 11:23 | Build | House |
| 11:32 | Build | Mill |
| 12:08 | Create | Villager (Male) |
| 12:09 | Create | Villager (Male) |
| 13:00 | Age | Feudal Age |
| 13:01 | Build | Market |
| 13:03 | Build | Blacksmith |
| 13:29 | Build | Lumber Camp |
| 13:47 | Research | Castle Age |
| 13:57 | Research | Loom |
| 14:07 | Research | Double-Bit Axe |
| 14:34 | Build | Farm |
| 15:00 | Build | Barracks |
| 15:11 | Research | Gold Mining |
| 15:50 | Build | Archery Range |
| 15:53 | Build | Archery Range |
| 15:59 | Research | Fletching |
| 16:26 | Create | Villager (Male) |
| 16:26 | Create | Villager (Male) |
| 16:30 | Age | Castle Age |
| 16:30 | Research | Bow Saw |
| 16:45 | Build | Stable |
| 16:48 | Create | Genitour |
| 16:52 | Create | Villager (Male) |
| 16:57 | Create | Genitour |
| 17:08 | Create | Villager (Male) |
| 17:21 | Build | Farm |
| 17:23 | Create | Genitour |
| 17:23 | Create | Genitour |
| 17:27 | Build | House |
| 17:44 | Create | Knight |
| 18:21 | Create | Villager (Male) |
| 18:24 | Create | Genitour |
| 18:25 | Create | Genitour |
| 18:25 | Create | Genitour |
| 18:38 | Build | House |
| 18:38 | Build | House |
| 18:59 | Research | Wheelbarrow |
| 19:01 | Build | Town Center |
| 19:05 | Build | House |
| 19:06 | Build | House |
| 19:12 | Create | Genitour |
| 19:34 | Create | Villager (Male) |
| 19:40 | Create | Knight |
| 19:40 | Create | Knight |
| 19:55 | Build | Farm |
| 19:56 | Build | Farm |
| 20:10 | Create | Villager (Male) |
| 20:15 | Build | Farm |
| 20:37 | Create | Genitour |
| 20:37 | Create | Genitour |
| 20:49 | Create | Villager (Male) |
| 20:51 | Build | Farm |
| 20:52 | Build | Farm |
| 20:52 | Build | Farm |
| 20:52 | Build | Farm |
| 20:52 | Build | Farm |
| 20:53 | Build | Farm |
| 21:39 | Create | Genitour |
| 21:39 | Create | Genitour |
| 21:39 | Create | Genitour |
| 21:48 | Create | Villager (Male) |
| 21:49 | Create | Villager (Male) |
| 21:49 | Create | Villager (Male) |
| 22:03 | Create | Villager (Male) |
| 22:04 | Create | Villager (Male) |
| 22:04 | Create | Villager (Male) |
| 22:08 | Build | Farm |
| 22:16 | Build | Town Center |
| 22:29 | Create | Genitour |
| 22:29 | Create | Genitour |
| 22:44 | Create | Villager (Male) |
| 22:45 | Create | Villager (Male) |
| 22:45 | Create | Villager (Male) |
| 22:48 | Research | Hand Cart |
| 22:52 | Create | Villager (Male) |
| 22:53 | Create | Villager (Male) |
| 23:06 | Create | Villager (Male) |
| 23:06 | Create | Villager (Male) |
| 23:17 | Create | Villager (Male) |
| 23:18 | Create | Villager (Male) |
| 23:18 | Create | Villager (Male) |
| 23:29 | Build | Archery Range |
| 23:33 | Create | Skirmisher |
| 23:36 | Create | Genitour |
| 23:40 | Create | Villager (Male) |
| 23:47 | Create | Villager (Male) |
| 23:47 | Create | Villager (Male) |
| 23:47 | Create | Villager (Male) |
| 23:48 | Build | Farm |
| 23:58 | Research | Bodkin Arrow |
| 23:59 | Create | Villager (Male) |
| 24:02 | Create | Villager (Male) |
| 24:03 | Create | Villager (Male) |
| 24:17 | Create | Villager (Male) |
| 24:17 | Create | Villager (Male) |
| 24:26 | Create | Villager (Male) |
| 24:42 | Create | Villager (Male) |
| 24:43 | Create | Villager (Male) |
| 24:43 | Build | Archery Range |
| 24:47 | Build | Archery Range |
| 24:49 | Build | Archery Range |
| 24:54 | Create | Villager (Male) |
Build order — 关老弟是也
First 150 of 405 actions detected
| 0:25 | Build | Town Center |
| 0:46 | Build | Dock |
| 0:48 | Build | House |
| 2:45 | Create | Villager (Male) |
| 2:46 | Create | Villager (Male) |
| 2:47 | Create | Fishing Ship |
| 2:52 | Create | Villager (Male) |
| 3:19 | Create | Villager (Male) |
| 3:55 | Create | Villager (Male) |
| 4:16 | Build | House |
| 4:23 | Create | Villager (Male) |
| 4:55 | Create | Fishing Ship |
| 5:16 | Build | House |
| 5:25 | Create | Villager (Male) |
| 5:45 | Create | Villager (Male) |
| 6:02 | Create | Fishing Ship |
| 6:05 | Create | Villager (Male) |
| 6:05 | Create | Villager (Male) |
| 6:26 | Create | Villager (Male) |
| 6:27 | Create | Fishing Ship |
| 6:50 | Create | Fishing Ship |
| 6:57 | Create | Villager (Male) |
| 6:58 | Create | Villager (Male) |
| 7:10 | Build | House |
| 7:22 | Create | Villager (Male) |
| 7:35 | Build | House |
| 7:39 | Create | Villager (Male) |
| 7:52 | Create | Villager (Male) |
| 8:12 | Build | House |
| 8:16 | Create | Villager (Male) |
| 8:43 | Create | Villager (Male) |
| 8:52 | Research | Loom |
| 9:34 | Build | Lumber Camp |
| 9:43 | Build | Town Center |
| 10:00 | Build | House |
| 10:40 | Create | Villager (Male) |
| 10:40 | Create | Villager (Male) |
| 10:40 | Create | Villager (Male) |
| 10:49 | Create | Villager (Male) |
| 11:24 | Create | Fishing Ship |
| 11:51 | Build | House |
| 11:55 | Create | Villager (Male) |
| 12:20 | Create | Fishing Ship |
| 12:33 | Create | Villager (Male) |
| 13:10 | Research | Feudal Age |
| 13:35 | Create | Villager (Male) |
| 13:53 | Create | Fishing Ship |
| 14:56 | Build | Dock |
| 14:59 | Create | Fishing Ship |
| 15:14 | Age | Feudal Age |
| 15:25 | Build | Mining Camp |
| 15:28 | Create | Villager (Male) |
| 15:45 | Build | Mill |
| 15:53 | Build | Palisade Wall |
| 15:57 | Build | Blacksmith |
| 16:00 | Create | Villager (Male) |
| 16:09 | Create | Villager (Male) |
| 16:20 | Create | Fishing Ship |
| 16:21 | Create | Fishing Ship |
| 16:24 | Create | Villager (Male) |
| 16:35 | Build | Market |
| 16:53 | Build | House |
| 17:01 | Create | Villager (Male) |
| 17:07 | Create | Demolition Raft |
| 17:07 | Create | Demolition Raft |
| 17:17 | Create | Fishing Ship |
| 17:17 | Create | Fishing Ship |
| 17:33 | Create | Villager (Male) |
| 17:51 | Build | House |
| 18:34 | Research | Castle Age |
| 18:40 | Build | Outpost |
| 18:47 | Build | Lumber Camp |
| 19:15 | Research | Double-Bit Axe |
| 19:15 | Research | Double-Bit Axe |
| 19:44 | Create | Villager (Male) |
| 19:59 | Build | Watch Tower |
| 20:09 | Build | House |
| 20:12 | Build | House |
| 20:59 | Age | Castle Age |
| 21:02 | Build | Town Center |
| 21:07 | Create | Villager (Male) |
| 21:10 | Create | Villager (Male) |
| 21:16 | Build | Siege Workshop |
| 21:29 | Create | Villager (Male) |
| 21:33 | Create | Fishing Ship |
| 21:33 | Create | Fishing Ship |
| 21:53 | Build | House |
| 21:57 | Build | Palisade Wall |
| 22:07 | Create | Villager (Male) |
| 22:07 | Create | Villager (Male) |
| 22:12 | Create | Battering Ram |
| 22:16 | Create | Villager (Male) |
| 22:20 | Build | House |
| 22:21 | Build | House |
| 22:29 | Build | Farm |
| 22:30 | Build | Farm |
| 22:33 | Build | Farm |
| 22:35 | Create | Villager (Male) |
| 22:53 | Create | Villager (Male) |
| 23:01 | Build | Barracks |
| 23:02 | Create | Villager (Male) |
| 23:02 | Create | Villager (Male) |
| 23:40 | Create | Villager (Male) |
| 23:47 | Build | Farm |
| 23:49 | Build | Farm |
| 23:49 | Create | Villager (Male) |
| 24:01 | Create | Battering Ram |
| 24:03 | Build | Stable |
| 24:05 | Build | Stable |
| 24:10 | Build | Stable |
| 24:19 | Build | House |
| 24:20 | Research | Scale Barding Armor |
| 24:20 | Research | Forging |
| 24:22 | Create | Villager (Male) |
| 24:22 | Create | Villager (Male) |
| 24:24 | Create | Villager (Male) |
| 24:24 | Create | Villager (Male) |
| 24:30 | Build | Dock |
| 24:33 | Create | Villager (Male) |
| 24:33 | Create | Villager (Male) |
| 24:54 | Create | Knight |
| 24:54 | Create | Knight |
| 24:56 | Create | Villager (Male) |
| 24:56 | Create | Villager (Male) |
| 25:05 | Build | House |
| 25:07 | Create | Villager (Male) |
| 25:08 | Create | Villager (Male) |
| 25:16 | Research | Bloodlines |
| 25:17 | Create | Knight |
| 25:22 | Create | Villager (Male) |
| 25:22 | Create | Villager (Male) |
| 25:49 | Create | Villager (Male) |
| 25:50 | Create | Villager (Male) |
| 25:50 | Create | Villager (Male) |
| 25:56 | Build | Stable |
| 26:04 | Build | Mining Camp |
| 26:15 | Create | Villager (Male) |
| 26:15 | Create | Villager (Male) |
| 26:19 | Build | Farm |
| 26:19 | Build | Farm |
| 26:19 | Build | Farm |
| 26:19 | Build | Farm |
| 26:20 | Build | Farm |
| 26:23 | Build | Farm |
| 26:25 | Create | Villager (Male) |
| 26:25 | Create | Villager (Male) |
| 26:34 | Create | Villager (Male) |
| 26:35 | Create | Villager (Male) |
| 26:35 | Create | Villager (Male) |
| 26:48 | Build | Lumber Camp |
Build order — 叫我一声靓仔
First 150 of 319 actions detected
| 0:08 | Build | Town Center |
| 0:29 | Build | Dock |
| 0:32 | Build | House |
| 2:36 | Create | Villager (Male) |
| 2:36 | Create | Villager (Male) |
| 2:36 | Create | Villager (Male) |
| 2:37 | Create | Villager (Male) |
| 2:37 | Create | Villager (Male) |
| 3:14 | Build | House |
| 3:25 | Build | House |
| 3:41 | Create | Villager (Male) |
| 3:41 | Create | Villager (Male) |
| 3:48 | Create | Fishing Ship |
| 3:48 | Create | Fishing Ship |
| 4:32 | Create | Villager (Male) |
| 4:32 | Create | Villager (Male) |
| 4:43 | Build | House |
| 5:09 | Create | Villager (Male) |
| 5:09 | Create | Villager (Male) |
| 5:40 | Create | Villager (Male) |
| 5:40 | Create | Villager (Male) |
| 5:43 | Create | Fishing Ship |
| 6:08 | Build | House |
| 6:13 | Create | Villager (Male) |
| 6:13 | Create | Villager (Male) |
| 6:24 | Create | Villager (Male) |
| 6:24 | Create | Villager (Male) |
| 6:50 | Build | House |
| 6:51 | Build | House |
| 6:55 | Create | Villager (Male) |
| 7:02 | Create | Villager (Male) |
| 7:02 | Create | Villager (Male) |
| 7:25 | Create | Fishing Ship |
| 7:25 | Create | Fishing Ship |
| 7:26 | Create | Fishing Ship |
| 7:32 | Build | House |
| 7:59 | Create | Villager (Male) |
| 8:01 | Create | Fishing Ship |
| 8:11 | Build | House |
| 8:12 | Build | House |
| 8:17 | Build | House |
| 8:28 | Create | Fishing Ship |
| 8:34 | Build | House |
| 8:48 | Create | Villager (Male) |
| 8:58 | Build | House |
| 9:08 | Build | House |
| 9:28 | Create | Villager (Male) |
| 9:29 | Create | Villager (Male) |
| 9:34 | Build | Palisade Wall |
| 9:35 | Build | Palisade Wall |
| 9:47 | Create | Fishing Ship |
| 9:48 | Create | Fishing Ship |
| 9:49 | Create | Villager (Male) |
| 9:49 | Create | Villager (Male) |
| 10:03 | Build | House |
| 10:04 | Build | House |
| 10:05 | Build | House |
| 10:07 | Build | House |
| 10:27 | Create | Villager (Male) |
| 10:27 | Create | Villager (Male) |
| 10:38 | Research | Loom |
| 10:39 | Research | Loom |
| 10:50 | Build | Dock |
| 11:04 | Build | Lumber Camp |
| 11:07 | Build | House |
| 11:18 | Build | House |
| 11:25 | Build | Outpost |
| 11:32 | Create | Fishing Ship |
| 11:32 | Create | Fishing Ship |
| 11:50 | Create | Villager (Male) |
| 11:50 | Create | Villager (Male) |
| 12:13 | Create | Villager (Male) |
| 12:19 | Build | Outpost |
| 12:51 | Create | Fishing Ship |
| 12:51 | Create | Fishing Ship |
| 12:58 | Build | House |
| 12:59 | Build | House |
| 13:08 | Research | Feudal Age |
| 13:08 | Research | Feudal Age |
| 13:23 | Build | Palisade Wall |
| 13:24 | Build | Palisade Wall |
| 13:51 | Build | House |
| 13:58 | Build | House |
| 14:04 | Build | Mill |
| 14:09 | Build | House |
| 14:10 | Build | House |
| 14:50 | Build | Mining Camp |
| 14:56 | Build | Mining Camp |
| 15:18 | Age | Feudal Age |
| 15:25 | Create | Villager (Male) |
| 15:26 | Create | Villager (Male) |
| 15:27 | Research | Double-Bit Axe |
| 15:27 | Research | Double-Bit Axe |
| 15:45 | Build | Stone Wall |
| 15:48 | Build | Gate |
| 15:54 | Create | Villager (Male) |
| 15:55 | Create | Villager (Male) |
| 16:00 | Build | House |
| 16:33 | Build | Market |
| 16:36 | Build | Blacksmith |
| 16:51 | Build | Market |
| 16:54 | Build | Blacksmith |
| 17:15 | Build | Mining Camp |
| 17:19 | Create | Villager (Male) |
| 17:25 | Research | Stone Mining |
| 17:26 | Research | Stone Mining |
| 17:46 | Research | Castle Age |
| 17:47 | Research | Castle Age |
| 17:48 | Research | Town Watch |
| 18:34 | Build | Stone Wall |
| 18:36 | Build | Stone Wall |
| 18:38 | Build | Stone Wall |
| 18:49 | Research | Tech 906 |
| 18:55 | Research | Gold Mining |
| 18:55 | Research | Gold Mining |
| 19:09 | Build | Stone Wall |
| 19:55 | Build | House |
| 20:26 | Age | Castle Age |
| 20:31 | Create | Villager (Male) |
| 20:44 | Build | Castle |
| 20:48 | Build | Mining Camp |
| 20:53 | Research | Bow Saw |
| 21:10 | Create | Villager (Male) |
| 21:11 | Create | Villager (Male) |
| 21:14 | Build | Dock |
| 21:59 | Create | Villager (Male) |
| 21:59 | Create | Villager (Male) |
| 22:07 | Research | Gillnets |
| 22:08 | Research | War Galley (upgrade) |
| 22:57 | Build | Town Center |
| 23:04 | Create | Villager (Male) |
| 23:05 | Create | Villager (Male) |
| 23:37 | Research | Fletching |
| 23:45 | Create | Unit 2626 ×5 |
| 24:11 | Build | Gate |
| 24:14 | Build | House |
| 24:19 | Research | Wheelbarrow |
| 24:22 | Research | Tigui |
| 24:25 | Create | Villager (Male) |
| 24:25 | Create | Villager (Male) |
| 24:43 | Build | Lumber Camp |
| 25:13 | Build | University |
| 25:19 | Create | Villager (Male) |
| 25:20 | Create | Villager (Male) |
| 25:21 | Create | Gbeto ×5 |
| 25:22 | Create | Gbeto ×5 |
| 25:22 | Create | Gbeto ×5 |
| 25:28 | Build | House |
| 25:29 | Build | House |
| 25:53 | Create | Villager (Male) |
Match timeline
| 0:29 | 叫我一声靓仔 · first_building Dock |
| 0:42 | Kullervo · first_building Dock |
| 0:46 | 关老弟是也 · first_building Dock |
| 0:55 | The_OFLi · first_building Dock |
| 1:00 | The_OFLi · wall_segment Palisade Wall x1 |
| 1:01 | fake · first_building Dock |
| 1:34 | DaKrankVieh · first_building Dock |
| 1:47 | hoffypianoman · first_building Dock |
| 5:22 | Markki22 kela.fi · first_building Dock |
| 6:41 | Kullervo · wall_segment Palisade Wall x1 |
| 8:44 | Kullervo · wall_segment Palisade Wall x1 |
| 8:58 | Kullervo · wall_segment Palisade Wall x1 |
| 9:00 | The_OFLi · wall_segment Palisade Wall x5 |
| 9:34 | 叫我一声靓仔 · wall_segment Palisade Wall x2 |
| 9:35 | 叫我一声靓仔 · wall_segment Palisade Wall x1 |
| 10:17 | Kullervo · wall_segment Palisade Wall x1 |
| 10:30 | Kullervo · wall_segment Palisade Wall x1 |
| 10:35 | DaKrankVieh · first_building Barracks |
| 10:41 | Kullervo · wall_segment Palisade Wall x1 |
| 12:33 | hoffypianoman · first_building Barracks |
| 12:48 | DaKrankVieh · age_up feudal |
| 13:00 | Kullervo · age_up feudal |
| 13:20 | The_OFLi · age_up feudal |
| 13:22 | hoffypianoman · wall_segment Palisade Wall x1 |
| 13:23 | 叫我一声靓仔 · wall_segment Palisade Wall x11 |
| 13:24 | 叫我一声靓仔 · wall_segment Palisade Wall x6 |
| 14:05 | hoffypianoman · age_up feudal |
| 14:08 | hoffypianoman · first_building Stable |
| 14:14 | Markki22 kela.fi · age_up feudal |
| 14:48 | The_OFLi · first_building Barracks |
| 15:00 | Kullervo · first_building Barracks |
| 15:14 | 关老弟是也 · age_up feudal |
| 15:16 | Kullervo · first_market_buy 100 wood |
| 15:18 | 叫我一声靓仔 · age_up feudal |
| 15:45 | 叫我一声靓仔 · wall_segment Stone Wall x4 |
| 15:46 | Markki22 kela.fi · wall_segment Palisade Wall x1 |
| 15:50 | Kullervo · first_building Archery Range |
| 15:53 | 关老弟是也 · wall_segment Palisade Wall x1 |
| 15:55 | Markki22 kela.fi · wall_segment Palisade Wall x1 |
| 16:30 | Kullervo · age_up castle |
| 16:45 | Kullervo · first_building Stable |
| 16:54 | Markki22 kela.fi · wall_segment Palisade Wall x1 |
| 16:56 | Markki22 kela.fi · wall_segment Palisade Wall x1 |
| 17:08 | The_OFLi · age_up castle |
| 17:10 | fake · age_up feudal |
| 17:11 | The_OFLi · first_building Siege Workshop |
| 17:21 | hoffypianoman · wall_segment Palisade Wall x7 |
| 18:00 | hoffypianoman · age_up castle |
| 18:28 | The_OFLi · first_market_buy 100 wood |
| 18:34 | 叫我一声靓仔 · wall_segment Stone Wall x4 |
| 18:36 | 叫我一声靓仔 · wall_segment Stone Wall x4 |
| 18:38 | 叫我一声靓仔 · wall_segment Stone Wall x8 |
| 19:00 | DaKrankVieh · first_building Archery Range |
| 19:00 | Markki22 kela.fi · age_up castle |
| 19:09 | fake · first_market_sell 100 food |
| 19:09 | 叫我一声靓仔 · wall_segment Stone Wall x3 |
| 19:31 | 叫我一声靓仔 · tribute_sent a jugador 1 |
| 19:31 | 叫我一声靓仔 · tribute_sent a jugador 2 |
| 19:31 | 叫我一声靓仔 · tribute_sent a jugador 3 |
| 19:31 | 叫我一声靓仔 · tribute_sent a jugador 4 |
| 19:31 | 叫我一声靓仔 · tribute_sent a jugador 5 |
| 19:31 | 叫我一声靓仔 · tribute_sent a jugador 6 |
| 19:31 | 叫我一声靓仔 · tribute_sent a jugador 7 |
| 19:51 | 关老弟是也 · first_market_sell 100 wood |
| 19:53 | 关老弟是也 · first_market_buy 100 stone |
| 19:58 | Markki22 kela.fi · first_building Siege Workshop |
| 20:26 | 叫我一声靓仔 · age_up castle |
| 20:28 | Markki22 kela.fi · first_market_sell 100 food |
| 20:44 | 叫我一声靓仔 · first_building Castle |
| 20:59 | 关老弟是也 · age_up castle |
| 21:16 | 关老弟是也 · first_building Siege Workshop |
| 21:51 | fake · age_up castle |
| 21:57 | 关老弟是也 · wall_segment Palisade Wall x1 |
| 22:01 | fake · first_building Siege Workshop |
| 22:33 | fake · first_market_buy 100 wood |
| 22:39 | hoffypianoman · first_building Castle |
| 22:51 | The_OFLi · first_market_sell 100 wood |
| 23:01 | 关老弟是也 · first_building Barracks |
| 23:28 | hoffypianoman · first_building Siege Workshop |
| 23:31 | 叫我一声靓仔 · first_market_buy 100 wood |
| 24:03 | 关老弟是也 · first_building Stable |
| 24:07 | hoffypianoman · first_market_buy 100 stone |
| 24:21 | fake · first_building Castle |
| 24:59 | DaKrankVieh · wall_segment Palisade Wall x7 |
| 25:03 | DaKrankVieh · wall_segment Palisade Wall x5 |
| 25:03 | DaKrankVieh · wall_segment Palisade Wall x5 |
| 25:35 | DaKrankVieh · age_up castle |
| 27:12 | DaKrankVieh · first_building Monastery |
| 27:31 | Kullervo · first_building Monastery |
| 27:40 | Kullervo · wall_segment Palisade Wall x1 |
| 27:48 | Kullervo · wall_segment Palisade Wall x1 |
| 27:57 | fake · first_building Monastery |
| 28:50 | 关老弟是也 · wall_segment Palisade Wall x1 |
| 30:25 | Kullervo · wall_segment Palisade Wall x1 |
| 31:04 | Kullervo · first_building Castle |
| 31:17 | Kullervo · wall_segment Palisade Wall x1 |
| 33:09 | DaKrankVieh · first_building Siege Workshop |
| 33:51 | The_OFLi · wall_segment Stone Wall x12 |
| 34:04 | Markki22 kela.fi · first_building Castle |
| 34:07 | The_OFLi · wall_segment Stone Wall x3 |
| 34:17 | DaKrankVieh · first_market_sell 100 wood |
| 34:21 | DaKrankVieh · age_up imperial |
| 34:26 | DaKrankVieh · first_market_buy 100 stone |
| 34:28 | Markki22 kela.fi · first_building Barracks |
| 34:32 | DaKrankVieh · first_building Castle |
| 35:00 | 关老弟是也 · first_building Castle |
| 35:18 | The_OFLi · wall_segment Stone Wall x8 |
| 35:30 | Kullervo · first_market_sell 100 stone |
| 36:42 | 叫我一声靓仔 · first_building Barracks |
| 38:42 | hoffypianoman · first_market_sell 100 food |
| 39:04 | Markki22 kela.fi · age_up imperial |
| 39:16 | Markki22 kela.fi · first_building Stable |
| 39:17 | The_OFLi · first_building Castle |
| 40:20 | 叫我一声靓仔 · age_up imperial |
| 42:01 | The_OFLi · first_building Stable |
| 42:24 | Markki22 kela.fi · first_market_buy 100 food |
| 42:40 | hoffypianoman · resign |
[ AI ANALYSIS · 1 CREDIT ]
What really happened in this match?
Wolo.gg analyzes every decision: build order, eco, micro, common mistakes by bracket. Personalized analysis on WhatsApp or Discord in 30 seconds.
Civ guide
Huns
Perfil
Jugador #4480997